 Dungeon Crawl Stone Soup version 0.29-a0-1019-g84f7d21838 (webtiles) character file.

Game seed: 13828431396264861668

398 Newt the Skirmisher (level 7, -8/43 HPs)
             Began as a Kobold Hunter on Aug 10, 2022.
             Mangled by Pikel
             ... wielding a +1 whip of flaming
              (12 damage)
             ... on level 4 of the Dungeon.
             The game lasted 00:04:38 (4114 turns).

Newt the Skirmisher (Kobold Hunter)                 Turns: 4114, Time: 00:04:39

Health: -8/43      AC:  4    Str:  9    XL:     7   Next: 10%
Magic:  7/7        EV: 14    Int: 10    God:
Gold:   131        SH:  0    Dex: 20    Spells: 6/6 levels left

rFire   . . .      SeeInvis .   a - +1 shortbow (elec)
rCold   . . .      Faith    .   (shield currently unavailable)
rNeg    . . .      Spirit   .   c - +1 leather armour
rPois   .          Reflect  .   (no helmet)
rElec   .          Harm     .   (no cloak)
rCorr   .          Rampage  .   (no gloves)
Will    .....                   (no boots)
Stlth   ++++......              d - amulet of the acrobat
HPRegen 0.14/turn               e - ring of wizardry
MPRegen 0.10/turn               (no ring)

@: no status effects
A: small, no large weapons, nightstalker 3
a: no special abilities


You were on level 4 of the Dungeon.
You visited 1 branch of the dungeon, and saw 4 of its levels.

You collected 131 gold pieces.

Inventory:

Hand Weapons
 a - a +1 shortbow of electrocution (weapon)
Armour
 c - a +1 leather armour (worn)
Jewellery
 d - an amulet of the acrobat (around neck)
 e - a ring of wizardry (left hand)
Wands
 j - a wand of roots (14)
Scrolls
 b - a scroll of immolation
 f - a scroll of enchant armour
Potions
 h - a potion of magic
 k - 3 potions of degeneration
 l - a potion of resistance {unknown}
 m - a potion of brilliance {unknown}
 n - a potion of mutation {unknown}


   Skills:
 + Level 4.2 Fighting
 - Level 8.0 Ranged Weapons
 - Level 2.4 Dodging
 * Level 5.4 Stealth


You had 6 spell levels left.
You didn't know any spells.
Your spell library was empty.

Dungeon Overview and Level Annotations

Branches:
Dungeon (4/15)
 Temple: D:4-7

Altars:
Trog

Shops:
D:1 (

Annotations:
D:4 Pikel


Innate Abilities, Weirdness & Mutations

You are small and have problems with some larger weapons.
You are completely attuned to the shadows.


Message History

Pikel hits you with a +1 whip of flaming!
Pikel burns you.
You are too injured to fight recklessly!
Fire: a) +1 shortbow (elec)
Press: ? - help, Shift-Dir - straight line, f/p - Pikel
Aim: Pikel, wielding a +1 whip of flaming and wearing a +0 robe (heavily wounded, 63% to hit)
You shoot an arrow.
The arrow hits Pikel but does no damage.
Pikel is heavily wounded.
Pikel closely misses you.
Fire: a) +1 shortbow (elec)
Press: ? - help, Shift-Dir - straight line, f/p - Pikel
Aim: Pikel, wielding a +1 whip of flaming and wearing a +0 robe (heavily wounded, 63% to hit)
You shoot an arrow. The arrow hits Pikel!
Pikel is severely wounded.
Pikel hits you with a +1 whip of flaming.
Pikel burns you.
Fire: a) +1 shortbow (elec)
Press: ? - help, Shift-Dir - straight line, f/p - Pikel
Aim: Pikel, wielding a +1 whip of flaming and wearing a +0 robe (severely wounded, 63% to hit)
You shoot an arrow. The arrow closely misses Pikel.
The arrow completely misses the lemure.
Pikel closely misses you.
Unknown command.
Fire: a) +1 shortbow (elec)
Press: ? - help, Shift-Dir - straight line, f/p - Pikel
Aim: Pikel, wielding a +1 whip of flaming and wearing a +0 robe (severely wounded, 63% to hit)
You shoot an arrow. The arrow hits Pikel.
Pikel is severely wounded.
Pikel hits you with a +1 whip of flaming!
* * * LOW HITPOINT WARNING * * *
Pikel burns you.
* * * LOW HITPOINT WARNING * * *
Unknown command.
Fire: a) +1 shortbow (elec)
Press: ? - help, Shift-Dir - straight line, f/p - Pikel
Aim: Pikel, wielding a +1 whip of flaming and wearing a +0 robe (severely wounded, 63% to hit)
You shoot an arrow. The arrow hits Pikel.
Pikel is almost dead.
Pikel hits you with a +1 whip of flaming!
You die...

#####################
................@K5..
#####################
###### .5...# ....J+
5...<# .5...# .....#
.....#


You could see Pikel and a lemure.

Vanquished Creatures
  Eustachio (D:4)
  An ogre (D:4)
  A hound (D:3)
  7 adders
  A worm (D:4)
  2 dart slugs
  2 orcs (D:3)
  8 ball pythons
  6 endoplasms
  7 giant cockroaches
  5 goblins
  6 hobgoblins
  3 jackals (D:4)
  7 kobolds
  2 quokkas
  6 bats
  4 frilled lizards
  9 rats
78 creatures vanquished.

Vanquished Creatures (others)
  A wizard (D:3)
1 creature vanquished.

Grand Total: 79 creatures vanquished

Notes
Turn   | Place    | Note
-------+----------+-------------------------------------------
     0 | D:1      | Newt the Kobold Hunter began the quest for the Orb.
     0 | D:1      | Reached XP level 1. HP: 12/12 MP: 1/1
   293 | D:1      | Reached XP level 2. HP: 17/17 MP: 2/2
   377 | D:1      | Reached skill level 6 in Ranged Weapons
   560 | D:1      | Found Attenifai's Weapon Boutique.
   675 | D:1      | Reached XP level 3. HP: 21/21 MP: 3/3
  1571 | D:2      | Reached skill level 7 in Ranged Weapons
  1643 | D:2      | Reached XP level 4. HP: 26/26 MP: 4/4
  1815 | D:2      | Found a faded altar of an unknown god.
  2221 | D:3      | Found a bloodstained altar of Trog.
  2224 | D:3      | Noticed a wizard
  2236 | D:3      | Killed a wizard
  2332 | D:3      | Reached XP level 5. HP: 30/30 MP: 5/5
  2614 | D:3      | Reached skill level 8 in Ranged Weapons
  3037 | D:4      | Noticed an ogre
  3047 | D:4      | Noticed a lemure
  3047 | D:4      | Noticed a lemure
  3048 | D:4      | Noticed a lemure
  3205 | D:4      | Noticed Eustachio
  3235 | D:4      | Killed Eustachio
  3236 | D:4      | Reached XP level 6. HP: 16/38 MP: 6/6
  3604 | D:4      | Killed an ogre
  3605 | D:4      | Reached skill level 5 in Stealth
  3605 | D:4      | Reached XP level 7. HP: 43/43 MP: 7/7
  4101 | D:4      | Noticed Pikel
  4114 | D:4      | Mangled by Pikel

Illustrated notes

Levels and vault maps discovered:
D:1:      minmay_arrival_semitransparent, layout_loops_ring, serial_shops,
          nicolae_shop_advertising_works [nicolae_subvault_shop_adworks]
D:2:      layout_basic, hellmonk_ecumenical_altar_inner_sanctum,
          minmay_distorted
D:3:      minmay_spotlight, layout_loops_ring, trog_wizard
D:4:      layout_basic, serial_shops, nicolae_shop_bloodbath_and_beyond,
          uniq_edmund, uniq_eustachio, uniq_pikel

Skill      XL: |  1  2  3  4  5  6 |
---------------+-------------------+-----
Ranged Weapons | 6 7 8 |  8.0
Stealth        | 4 5 |  5.4
Fighting       | 3 4 |  4.2
Dodging        | |  2.4

Action                   |  1- 3 |  4- 6 |  7- 9 || total
-------------------------+-------+-------+-------++-------
 Fire: Shortbow          |    97 |   101 |    31 ||   229
  Use: Scroll            |     3 |     7 |       ||    10
       Potion            |       |     4 |       ||     4
Armor: Leather armour    |     5 |    26 |     2 ||    33
Dodge: Dodged            |    30 |    66 |    12 ||   108

Table legend: (Time is in decaauts)
 A = Elapsed time spent in this place.
 B = Non-inter-level travel time spent in this place.
 C = Inter-level travel time spent in this place.
 D = Time resting spent in this place.
 E = Time spent auto-exploring this place.
 F = Levels seen in this place.
 G = Mean time per level.
                   A        B        C        D        E       F      G
               +--------+--------+--------+--------+--------+-----+--------+
         Total |   4155 |   4036 |    119 |    177 |   3428 |   4 | 1038.8 |
       Dungeon |   4155 |   4036 |    119 |    177 |   3428 |   4 | 1038.8 |
               +--------+--------+--------+--------+--------+-----+--------+

Top non-repeatable levels by time:
     D:2: 1083 daAuts
     D:3: 1065 daAuts
     D:1: 1009 daAuts
     D:4: 997 daAuts
